 Dungeon Crawl Stone Soup version 0.28-a0-863-g8cecda6153 (webtiles) character file.

Game seed: 8620870979643187634

8834 kklluuttzz the Covert (level 11, -3/68 HPs)
             Began as a Formicid Earth Elementalist on Nov 17, 2021.
             Was a Believer of Sif Muna.
             Slain by a white ugly thing (12 damage)
             ... in an ice cave.
             The game lasted 00:26:08 (16604 turns).

kklluuttzz the Covert (FoEE)                       Turns: 16604, Time: 00:26:09

Health: -3/68      AC:  4    Str: 16    XL:     11   Next: 63%
Magic:  9/21       EV: 15    Int: 21    God:    Sif Muna [**....]
Gold:   616        SH:  0    Dex: 11    Spells: 15/24 levels left

rFire   . . .      SeeInvis +   b - staff of conjuration
rCold   . . .      Faith    .   (no shield)
rNeg    . . .      Spirit   .   n - +0 robe
rPois   +          Reflect  .   (helmet unavailable)
rElec   .          Harm     .   k - +0 cloak
rCorr   .          Rampage  .   (no gloves)
Will    +....                   A - +0 pair of boots
Stlth   ++++......              o - amulet of the acrobat
HPRegen 0.21/turn               x - +6 ring of intelligence
MPRegen 0.17/turn               q - ring of poison resistance

@: no status effects
A: permanent stasis, dig shafts and tunnels, antennae 3, four strong arms
a: Dig, Renounce Religion, Channel Magic


You were in an ice cave.
You worshipped Sif Muna.
Sif Muna was pleased with you.
You visited 1 branch of the dungeon, and saw 11 of its levels.
You also visited: Ice Cave.

You collected 616 gold pieces.

Inventory:

Hand Weapons
 a - a +2 dagger of draining
 f - a +0 long sword
 z - a +2 great sword
Missiles
 c - 376 stones
 d - 12 poisoned darts
Armour
 k - a +0 cloak (worn)
 n - a +0 robe (worn)
 A - a +0 pair of boots (worn)
Magical Staves
 b - a staff of conjuration (weapon)
Jewellery
 o - an amulet of the acrobat (around neck)
 q - a ring of poison resistance (right hand)
 w - a ring of willpower
 x - a +6 ring of intelligence (left hand)
 J - a +4 ring of protection
Wands
 p - a wand of acid (20)
 D - a wand of charming (6)
 E - a wand of polymorph (6)
Scrolls
 g - 2 scrolls of torment
 i - a scroll of fog {unknown}
 m - a scroll of magic mapping
 r - a scroll of immolation {unknown}
 s - 3 scrolls of brand weapon
 y - 2 scrolls of fear {unknown}
 B - a scroll of holy word {unknown}
 C - a scroll of enchant weapon {unknown}
 G - a scroll of amnesia {unknown}
Potions
 e - a potion of ambrosia
 h - 3 potions of heal wounds
 j - a potion of might
 l - 2 potions of lignification
 t - a potion of haste {unknown}
 u - 2 potions of magic
 v - 2 potions of resistance
 F - a potion of curing {unknown}
 H - 2 potions of cancellation
 I - a potion of mutation {unknown}


   Skills:
 - Level 4.5 Short Blades
 - Level 9.0 Dodging
 - Level 9.2 Stealth
 - Level 7.0 Spellcasting
 - Level 3.6 Conjurations
 - Level 1.1 Transmutations
 - Level 7.6 Earth Magic
 + Level 8.4 Invocations


You had 15 spell levels left.
You knew the following spells:

 Your Spells              Type           Power      Damage    Failure   Level
a - Sandblast             Erth           78%        2d17      1%          1
b - Stone Arrow           Conj/Erth      92%        3d12      2%          3
c - Wereblood             Tmut           12%        N/A       9%          2
d - Foxfire               Conj/Fire      88%        2x1d8     4%          1
w - Passwall              Tmut/Erth      20%        N/A       2%          2

Your spell library contained the following spells:

 Spells                   Type           Power      Damage    Failure   Level
 Animate Skeleton         Necr           14%        N/A       9%          1
 Freeze                   Ice            28%        1d5       9%          1
 Summon Small Mammal      Summ           28%        N/A       9%          1
 Corpse Rot               Necr/Air       14%        N/A       13%         2
 Poisonous Vapours        Pois/Air       14%        N/A       13%         2
 Sublimation of Blood     Necr           7%         N/A       13%         2
 Conjure Flame            Conj/Fire      22%        6-21      13%         3
 Petrify                  Tmut/Erth      25%        N/A       14%         4
 Mephitic Cloud           Conj/Pois/Air  18%        N/A       16%         3
 Leda's Liquefaction      Hex/Erth       11%        N/A       19%         4
 Ignite Poison            Fire/Tmut/Pois 8%         N/A       22%         3
 Call Canine Familiar     Summ           7%         N/A       26%         3
 Inner Flame              Hex/Fire       7%         N/A       26%         3
 Portal Projectile        Hex/Tloc       14%        N/A       26%         3
 Flame Wave               Conj/Fire      22%        3d6       38%         4
 Freezing Cloud           Conj/Ice/Air   9%         6-21      83%         5
 Summon Hydra             Summ           3%         N/A       100%        7


Dungeon Overview and Level Annotations

Branches:
Dungeon (11/15)            Temple (0/1) D:7            Lair (0/6) D:9
  IceCv (1/1)
    Orc: D:9-12

Altars:
Ashenzari
Dithmenos
Elyvilon
Fedhas
Makhleb
Qazlal
Sif Muna
Uskayaw
Vehumet
Wu Jian
Xom

Shops:
D:1 [   D:9 :

Annotations:
D:5 1 runed translucent door, AttackTheMoon's ghost, novice MiBe
D:10 exclusion: orange crystal statue IceCv exclusion: ice statue


Innate Abilities, Weirdness & Mutations

You cannot be hasted, slowed, berserked, paralysed or teleported.
You can dig through walls and to a lower floor.
You have a pair of large antennae on your head. (SInv)
Your four strong arms can wield two-handed weapons with a shield.


Message History

The white ugly thing is moderately wounded.
Casting: Stone Arrow (dangerous; 2% risk of failure)
Confirm with . or Enter, or press ? or * to list all spells.
Aiming: Stone Arrow (dangerous; 2% risk of failure)
Press: ? - help, Shift-Dir - straight line, f/p - white ugly thing
Aim: a white ugly thing (moderately wounded, 76% to hit)
You feel a surge of power!
The stone arrow hits the white ugly thing!
The white ugly thing is heavily wounded.
Casting: Stone Arrow (dangerous; 2% risk of failure)
Confirm with . or Enter, or press ? or * to list all spells.
Aiming: Stone Arrow (dangerous; 2% risk of failure)
Press: ? - help, Shift-Dir - straight line, f/p - white ugly thing
Aim: a white ugly thing (heavily wounded, 76% to hit)
You feel a surge of power!
The stone arrow hits the white ugly thing!
The white ugly thing is severely wounded.
The white ugly thing barely misses you. The wolf simulacrum barely misses you.
Casting: Stone Arrow (dangerous; 2% risk of failure)
Confirm with . or Enter, or press ? or * to list all spells.
Aiming: Stone Arrow (dangerous; 2% risk of failure)
Press: ? - help, Shift-Dir - straight line, f/p - white ugly thing
Aim: a white ugly thing (severely wounded, 76% to hit)
You feel a surge of power!
The stone arrow misses the white ugly thing.
The white ugly thing claws you! The white ugly thing freezes you!!
Ouch! That really hurt!
The wolf simulacrum bites you.
* * * LOW HITPOINT WARNING * * *
The wolf simulacrum freezes you!
* * * LOW HITPOINT WARNING * * *
Okay, then.
Unknown command.
You feel much better. The wolf simulacrum bites you!
The wolf simulacrum freezes you!
* * * LOW HITPOINT WARNING * * *
The white ugly thing claws you!
* * * LOW HITPOINT WARNING * * *
The white ugly thing freezes you!
You die...

#8... {
#....
#....
#....
...{
####.####
#$)...([#
#[...uZ.#
#[...@..#
#.......#
#.......#
##.....##
##...##
##.##
##...##
##.....##
#...∩...#


You could see a white ugly thing and a wolf simulacrum.

Vanquished Creatures
  A boulder beetle (D:7)
  A two-headed ogre (D:10)
  An obsidian statue (D:10)
  An entropy weaver simulacrum (IceCv)
  A komodo dragon (D:9)
  A troll (D:10)
  2 wyverns
  A vampire (D:11)
  A wraith (D:10)
  5 yaks
  2 water moccasins
  2 orc warriors
  Pargi (D:3)
  3 black bears
  3 necrophages
  3 centaurs
  4 ogres
  A phantom (D:4)
  4 bullfrogs
  4 scorpions
  A two-headed ogre simulacrum (D:11)
  11 killer bees
  11 wights
  An electric eel (D:8)
  7 howler monkeys
  4 centaur zombies
  A bullfrog zombie (D:5)
  2 quasits (D:8)
  2 hounds
  4 orc priests
  Crazy Yiuf (D:4)
  4 bullfrog skeletons
  Jessica (D:2)
  Natasha (D:3)
  A gnoll shaman (D:7)
  An iguana (D:3)
  7 orc wizards
  A polar bear simulacrum (IceCv)
  A spriggan simulacrum (D:11)
  A troll simulacrum (D:11)
  A wolf simulacrum (IceCv)
  A hound skeleton (D:4)
  Robin (D:1)
  9 gnolls
  5 adders
  A howler monkey skeleton (D:5)
  A naga simulacrum (D:11)
  2 shadow imps (D:6)
  A worm (D:4)
  3 dart slugs
  19 orcs
  An endoplasm (D:1)
  3 giant cockroaches (D:1)
  12 goblins
  13 hobgoblins
  3 quokkas
  9 ball pythons
  5 bats
  3 frilled lizards
  10 kobolds
  6 rats
214 creatures vanquished.

Vanquished Creatures (others)
  An elephant simulacrum (IceCv)
  6 plants (D:9)
  2 withered plants (D:5)
9 creatures vanquished.

Grand Total: 223 creatures vanquished

Notes
Turn   | Place    | Note
-------+----------+-------------------------------------------
     0 | D:1      | kklluuttzz the Formicid Earth Elementalist began the quest
                  | for the Orb.
     0 | D:1      | Reached XP level 1. HP: 13/13 MP: 3/3
   256 | D:1      | Reached XP level 2. HP: 19/19 MP: 3/5
   292 | D:1      | Learned a level 2 spell: Passwall
   816 | D:1      | Found a faded altar of an unknown god.
   863 | D:1      | Reached XP level 3. HP: 24/24 MP: 4/6
  1079 | D:1      | Found Zaowot's Antique Armour Emporium.
  1249 | D:2      | Reached skill level 5 in Earth Magic
  1303 | D:2      | Noticed Robin
  1518 | D:1      | Killed Robin
  1682 | D:2      | Reached XP level 4. HP: 26/30 MP: 7/7
  1687 | D:2      | Learned a level 3 spell: Stone Arrow
  2286 | D:2      | Noticed Jessica
  2306 | D:2      | Killed Jessica
  3156 | D:2      | Reached skill level 1 in Conjurations
  3156 | D:2      | Reached XP level 5. HP: 35/35 MP: 6/8
  3249 | D:2      | Found a radiant altar of Vehumet.
  3585 | D:3      | Found a broken altar of Ashenzari.
  4280 | D:3      | Noticed Natasha
  4286 | D:3      | Killed Natasha
  4287 | D:3      | Reached skill level 1 in Short Blades
  4665 | D:3      | Noticed Pargi
  4670 | D:3      | Killed Pargi
  4671 | D:3      | Reached XP level 6. HP: 34/41 MP: 7/10
  5211 | D:4      | Noticed an ogre
  5216 | D:4      | Killed an ogre
  5217 | D:4      | Reached skill level 5 in Stealth
  5217 | D:4      | Reached XP level 7. HP: 45/46 MP: 5/11
  5554 | D:4      | Found a runed translucent door.
  5555 | D:4      | Noticed Crazy Yiuf
  5649 | D:4      | Found a shadowy altar of Dithmenos.
  5649 | D:4      | Found a shimmering altar of Xom.
  5651 | D:4      | Found a radiant altar of Vehumet.
  5658 | D:4      | Found a stormy altar of Qazlal.
  5658 | D:4      | Found a blossoming altar of Fedhas.
  5674 | D:4      | Found a shimmering blue altar of Sif Muna.
  5679 | D:4      | Became a worshipper of Sif Muna the Loreminder
  5685 | D:4      | Got Sif Muna's Tome of the Glacier
  5687 | D:4      | Got Sif Muna's Collected Works on Summoning
  5689 | D:4      | Got Sif Muna's Guide on Evil
  6301 | D:4      | Killed Crazy Yiuf
  6614 | D:5      | Entered Level 5 of the Dungeon
  6664 | D:5      | Found a runed translucent door.
  6664 | D:5      | Noticed AttackTheMoon's ghost (novice MiBe)
  6690 | D:5      | Found a hide-covered altar of Uskayaw.
  6770 | D:5      | Reached XP level 8. HP: 52/52 MP: 9/12
  8553 | D:5      | Found a hide-covered altar of Uskayaw.
  8565 | D:5      | Found a runed translucent door.
  9093 | D:5      | Reached XP level 9. HP: 45/57 MP: 2/15
  9782 | D:6      | Reached skill level 5 in Spellcasting
  9782 | D:6      | Reached skill level 1 in Invocations
 10514 | D:7      | Found an ornate altar of the Wu Jian Council.
 10673 | D:7      | Reached * piety under Sif Muna
 10855 | D:7      | Noticed a boulder beetle
 10859 | D:7      | You fall into a shaft and drop 1 floor!
 11115 | D:7      | Killed a boulder beetle
 11116 | D:7      | Reached skill level 5 in Invocations
 11116 | D:7      | Reached XP level 10. HP: 38/63 MP: 14/19
 11368 | D:7      | Found a staircase to the Ecumenical Temple.
 12996 | D:9      | Found Giewkik's Book Boutique.
 13001 | D:9      | Reached skill level 5 in Dodging
 13441 | D:9      | Reached ** piety under Sif Muna
 13508 | D:9      | Found a staircase to the Lair.
 13509 | D:9      | Noticed a komodo dragon
 13522 | D:9      | Killed a komodo dragon
 13974 | D:10     | Entered Level 10 of the Dungeon
 14140 | D:10     | Found a burning altar of Makhleb.
 14195 | D:10     | Noticed an orange crystal statue
 14199 | D:10     | Noticed an obsidian statue
 14202 | D:10     | Noticed a sun demon
 14203 | D:10     | Killed an obsidian statue
 14204 | D:10     | Reached XP level 11. HP: 68/68 MP: 8/21
 14614 | D:10     | Noticed a two-headed ogre
 14663 | D:10     | Noticed a two-headed ogre
 14952 | D:10     | Learned a level 2 spell: Wereblood
 15084 | D:10     | Killed a two-headed ogre
 15313 | D:10     | Found a white marble altar of Elyvilon.
 16345 | D:11     | Found a frozen archway.
 16394 | D:11     | Learned a level 1 spell: Foxfire
 16499 | IceCv    | Entered an ice cave
 16597 | IceCv    | Noticed a white ugly thing
 16604 | IceCv    | Slain by a white ugly thing

Illustrated notes

Levels and vault maps discovered:
D:1:      minmay_arrival_shattered_statue, layout_basic, serial_shops, shop,
          ebering_ecumenical_altar_mist, grunt_decor_one_mirror
D:2:      layout_basic, basic_altar, grunt_ministairs_3, uniq_robin,
          uniq_jessica
D:3:      layout_loops_corners, mainiacjoe_overflow_brackets,
          kennysheep_nondescript, uniq_natasha, uniq_pargi
D:4:      layout_basic, nicolae_sif_muna_little_library,
          grunt_temple_overflow_open, minmay_checkerbox, uniq_crazy_yiuf_cottage
D:5:      layout_basic, nicolae_uskayaw_suspiria, gammafunk_ghost_grave,
          bh_walls_and_bars
D:6:      layout_basic
D:7:      layout_cave_pools, nzn_wu_jian_contemplation,
          minmay_temple_entry_poolview
D:8:      cheibrodos_quashed, layout_layer_cave, nrook_pool_corridor
D:9:      layout_small_grid, david_lair_shrubbed, serial_shops,
          nicolae_shop_temple_entry_statues_fountains
D:10:     minmay_separated_statues, layout_loops_corners,
          mainiacjoe_overflow_six_doors_small, mainiacjoe_overflow_24_doors,
          minmay_misc_feat_secret_circle
D:11:     layout_loops_ring, portal_ice_cave_entry_ice_simulacra, uniq_nergalle,
          uniq_josephine
IceCv:    ice_cave_statue_garden_chambered

Skill      XL: |  1  2  3  4  5  6  7  8  9 10 11 |
---------------+----------------------------------+-----
Earth Magic    | 4 5 7 |  7.6
Conjurations   | 1 3 |  3.6
Short Blades   | 2 3 4 |  4.5
Stealth        | 4 5 6 8 9 |  9.2
Spellcasting   | 4 6 7 |  7.0
Invocations    | 5 8 |  8.4
Dodging        | 7 9 |  9.0
Transmutations | |  1.1

Action                   |  1- 3 |  4- 6 |  7- 9 | 10-12 || total
-------------------------+-------+-------+-------+-------++-------
Melee: Dagger            |    14 |   168 |    52 |    12 ||   246
       Staff             |       |       |       |    33 ||    33
 Cast: Sandblast         |    45 |    51 |    60 |    33 ||   189
       Passwall          |     1 |     4 |     4 |     7 ||    16
       Stone Arrow       |       |       |    54 |   136 ||   190
Invok: Channel Magic     |       |       |       |     1 ||     1
 Abil: Dig               |     1 |     1 |     2 |     5 ||     9
       Shaft Self        |       |       |     1 |       ||     1
Evoke: Wand              |       |       |       |     1 ||     1
  Use: Scroll            |       |     3 |     5 |     5 ||    13
       Potion            |       |       |     2 |     2 ||     4
 Stab: Sleeping          |       |     5 |     7 |     5 ||    17
Armor: Robe              |     7 |    42 |    12 |    30 ||    91
Dodge: Dodged            |    28 |   177 |    67 |   128 ||   400

Table legend: (Time is in decaauts)
 A = Elapsed time spent in this place.
 B = Non-inter-level travel time spent in this place.
 C = Inter-level travel time spent in this place.
 D = Time resting spent in this place.
 E = Time spent auto-exploring this place.
 F = Levels seen in this place.
 G = Mean time per level.
                   A        B        C        D        E       F      G
               +--------+--------+--------+--------+--------+-----+--------+
         Total |  16606 |  16136 |    470 |   5530 |   8307 |  12 | 1383.8 |
       Dungeon |  16501 |  16031 |    470 |   5463 |   8307 |  11 | 1500.1 |
      Ice Cave |    104 |    104 |      0 |     67 |      0 |   1 |  104.0 |
               +--------+--------+--------+--------+--------+-----+--------+

Top non-repeatable levels by time:
     D:5: 2117 daAuts
    D:10: 2056 daAuts
     D:2: 1916 daAuts
     D:3: 1805 daAuts
     D:8: 1742 daAuts
     D:4: 1621 daAuts
     D:1: 1560 daAuts
     D:6: 1183 daAuts
     D:9: 1125 daAuts
     D:7: 1027 daAuts
    D:11: 344 daAuts
   IceCv: 104 daAuts
